 Dungeon Crawl Stone Soup version 0.27.1-35-g4d5d836560 (webtiles) character file.

Game seed: 10174780159827068771

2431 cbfl8 the Slasher (level 9, 0/78 HPs)
             Began as a Minotaur Monk on May 18, 2022.
             Slain by a wolf (6 damage)
             ... led by Grum
             ... on level 8 of the Dungeon.
             The game lasted 00:17:10 (9510 turns).

cbfl8 the Slasher (Minotaur Monk)                   Turns: 9510, Time: 00:17:11

Health: 0/78       AC: 10    Str: 20    XL:     9   Next: 24%
Magic:  8/8        EV: 12    Int: 11    God:
Gold:   305        SH:  9    Dex: 12    Spells: 8/8 levels left

rFire    + . .     SeeInvis .   t - +0 war axe
rCold    . . .     Faith    .   u - +0 buckler
rNeg     . . .     Spirit   .   i - +3 ring mail {rPois}
rPois    +         Reflect  +   (helmet restricted)
rElec    .         Harm     .   (no cloak)
rCorr    .         Rampage  .   j - +0 pair of gloves
Will     .....                  (no boots)
Stlth    +++.......             s - amulet of Life {Reflect Int+4 SH+5}
HPRegen  0.23/turn              c - ring of poison resistance
MPRegen  0.11/turn              A - ring of protection from fire

@: on berserk cooldown, slowed, very slow
A: horns 2, retaliatory headbutt, camouflage 1, deterioration 1, evolution 1
a: no special abilities


You were on level 8 of the Dungeon.
You visited 1 branch of the dungeon, and saw 7 of its levels.

You collected 305 gold pieces.

Inventory:

Hand Weapons
 a - a +0 falchion
 r - a +0 arbalest
 t - a +0 war axe (weapon)
 x - a +2 vorpal halberd
Missiles
 g - 81 bolts
Armour
 b - a +0 robe
 i - a +3 ring mail of poison resistance (worn)
 j - a +0 pair of gloves (worn)
 l - a +0 scale mail
 u - a +0 buckler (worn)
Jewellery
 c - a ring of poison resistance (left hand)
 s - the amulet of Life (around neck) {Reflect Int+4 SH+5}
   (You acquired it on level 5 of the Dungeon)

   [amulet of reflection]

   It reflects blocked missile attacks.
   Int:       It affects your intelligence (+4).
   SH:        It affects your SH (+5).
 A - a ring of protection from fire (right hand)
Wands
 n - a wand of polymorph (11)
 y - a wand of mindburst (5)
 z - a wand of paralysis (8)
Scrolls
 q - 2 scrolls of amnesia
Potions
 e - 2 potions of ambrosia
 k - 3 potions of degeneration
 m - a potion of heal wounds {unknown}
 o - a potion of lignification {unknown}
 p - a potion of curing {unknown}
 v - a potion of attraction {unknown}


   Skills:
 + Level 6.4 Fighting
 + Level 7.8 Long Blades
 + Level 6.9 Axes
 + Level 6.8 Armour
 + Level 5.4 Dodging
 + Level 3.2 Stealth
 + Level 3.1 Shields


You had 8 spell levels left.
You didn't know any spells.
Your spell library contained the following spells:

 Spells                   Type           Power      Damage    Failure   Level
 Sublimation of Blood     Necr           0%         N/A       67%         2
 Wereblood                Tmut           0%         N/A       67%         2
 Conjure Flame            Conj/Fire      0%         6-21      88%         3
 Dazzling Flash           Conj/Hex       0%         N/A       88%         3
 Ignite Poison            Fire/Tmut/Pois 0%         N/A       88%         3
 Iskenderun's Mystic Bla  Conj/Tloc      0%         2d3       99%         4
 Sticky Flame             Conj/Fire      0%         2d3       99%         4
 Starburst                Conj/Fire      0%         6d3       100%        6
 Summon Hydra             Summ           0%         N/A       100%        7


Dungeon Overview and Level Annotations

Branches:
Dungeon (6/15)
 Temple: D:4-7

Altars:
Dithmenos
Okawaru
Ru
Wu Jian
Xom

Annotations:
D:3 3 runed translucent doors, Aldia's ghost, amateur GrEE
D:8 Grum; Pikel


Innate Abilities, Weirdness & Mutations

You have a pair of horns on your head.
You reflexively headbutt those who attack you in melee.
Your skin changes colour to match your surroundings (Stealth+).
Your body sometimes deteriorates upon taking damage.
You evolve.


Message History

Grum growls angrily.
Grum shouts, "Duke!
Good boy!"
Press: ? - help, v - describe, . - travel
Here: Grum, wielding a +1 glaive and wearing a +0 animal skin The floor.
A red film seems to cover your vision as you go berserk!
You feel yourself moving faster!
You feel mighty!
You feel a strong urge to attack something.
You feel your anger nearly subside.
The wolf howls!
Grum sniffs the air and quickly glances around.
Grum hits you from afar with a +1 glaive.
Things that are here:
a +0 spear; a gnoll corpse A wolf comes into view.
You are no longer berserk.
You are exhausted.
You feel yourself slow down.
The wolf howls!
Grum hits you with a +1 glaive!
You closely miss Grum. You block Grum's attack.
The wolf bites you but does no damage.
You hit Grum but do no damage. You hit the wolf.
The wolf completely misses you. You furiously retaliate!
You headbutt the wolf, but do no damage.
Grum hits you with a +1 glaive!
* * * LOW HITPOINT WARNING * * *
The wolf misses you. Grum barely misses you.
The wolf bites you but does no damage.
It was a potion of mutation.
You feel extremely strange.
You feel yourself wasting away.
You feel nature experimenting on you.
Don't worry, failures die fast.
Your skin functions as natural camouflage.
The wolf barely misses you. The wolf bites you.
* * * LOW HITPOINT WARNING * * *
You block the wolf's attack. The wolf bites you but does no damage.
Grum hits you with a +1 glaive!
* * * LOW HITPOINT WARNING * * *
The wolf bites you.
You die...

.. . #. ... ##. ... ..
.##.##.
.......##########
#.#..)........# #
##.#..)).......###.# #
.......h@........... ..
.......hg)............
.##.#...h.......## .#
...#....)......##..#.#
.............).........
.......................
##.##.###########.....
...... ...# ##.##. ##


You could see Grum and 3 wolves.

Vanquished Creatures
  A shadow (D:6)
  Menkaure (D:4)
  Duvessa (D:5)
  A water moccasin (D:6)
  2 orc warriors
  2 ice beasts
  2 sky beasts (D:6)
  2 black bears
  3 ogres
  A kobold brigand (D:8)
  Dowan (D:5)
  A water moccasin zombie (D:6)
  A water moccasin skeleton (D:5)
  A howler monkey (D:5)
  3 jellies
  A centaur zombie (D:6)
  A hound (D:6)
  A gnoll shaman (D:8)
  2 orc priests (D:6)
  3 iguanas
  Terence (D:3)
  2 orc wizards
  Natasha (thrice) (D:4)
  7 gnolls
  3 adders
  A shadow imp (D:5)
  An ufetubus (D:6)
  A worm (D:3)
  15 dart slugs
  13 orcs
  4 ball pythons
  2 bats (D:1)
  5 endoplasms
  2 giant cockroaches
  3 goblins
  3 hobgoblins
  8 jackals
  7 frilled lizards
  6 kobolds
  6 rats
124 creatures vanquished.

Vanquished Creatures (others)
  2 fungi (D:3)
  A plant (D:3)
3 creatures vanquished.

Grand Total: 127 creatures vanquished

Notes
Turn   | Place    | Note
-------+----------+-------------------------------------------
     0 | D:1      | cbfl8 the Minotaur Monk began the quest for the Orb.
     0 | D:1      | Reached XP level 1. HP: 19/19 MP: 0/0
     3 | D:1      | Noticed an electric eel
     4 | D:1      | Noticed an electric eel
    63 | D:1      | Reached skill level 4 in Long Blades
    66 | D:1      | Reached XP level 2. HP: 19/27 MP: 1/1
   845 | D:1      | Reached XP level 3. HP: 24/32 MP: 2/2
  1746 | D:2      | Found a shimmering altar of Xom.
  1895 | D:2      | Found a faded altar of an unknown god.
  2613 | D:3      | Reached XP level 4. HP: 39/41 MP: 3/3
  2620 | D:3      | Reached skill level 5 in Long Blades
  3005 | D:3      | Noticed Terence
  3012 | D:3      | Killed Terence
  3522 | D:3      | Noticed an ogre
  3530 | D:3      | Killed an ogre
  3531 | D:3      | Reached skill level 1 in Armour
  3531 | D:3      | Reached XP level 5. HP: 42/47 MP: 4/4
  4106 | D:3      | Found a runed translucent gate.
  4106 | D:3      | Found a runed translucent gate.
  4106 | D:3      | Found a runed translucent gate.
  4108 | D:3      | Noticed Aldia's ghost (amateur GrEE)
  4233 | D:4      | Noticed an ogre
  4259 | D:4      | Noticed Natasha
  4264 | D:4      | Reached skill level 6 in Long Blades
  4269 | D:4      | Killed Natasha
  4501 | D:4      | HP: 1/47 [ogre (19)]
  4502 | D:4      | Killed an ogre
  4503 | D:4      | Reached XP level 6. HP: 1/53 MP: 5/5
  4973 | D:4      | Noticed Natasha
  4994 | D:4      | Killed Natasha
  5023 | D:4      | Noticed Menkaure
  5031 | D:4      | Killed Menkaure
  5110 | D:4      | You fall into a shaft and drop 2 floors!
  5110 | D:6      | Noticed a shadow
  5268 | D:5      | Entered Level 5 of the Dungeon
  5285 | D:5      | Reached skill level 5 in Fighting
  5285 | D:5      | Reached skill level 7 in Long Blades
  5285 | D:5      | Reached XP level 7. HP: 51/61 MP: 6/6
  5839 | D:5      | Noticed Dowan
  5840 | D:5      | Noticed Duvessa
  5843 | D:5      | Identified a scroll of acquirement
  5843 | D:5      | Acquired the amulet of Life {Reflect Int+4 SH+5}
  5848 | D:5      | Killed Duvessa
  5851 | D:5      | Killed Dowan
  5852 | D:5      | Reached skill level 1 in Axes
  6087 | D:5      | Reached skill level 5 in Armour
  6575 | D:5      | Found an ornate altar of the Wu Jian Council.
  6733 | D:5      | Reached XP level 8. HP: 64/68 MP: 7/7
  7548 | D:4      | Noticed Natasha
  7555 | D:4      | Killed Natasha
  7745 | D:4      | Found an iron altar of Okawaru.
  8213 | D:6      | Reached skill level 1 in Shields
  8590 | D:6      | Reached skill level 5 in Dodging
  8596 | D:6      | Reached skill level 5 in Axes
  8753 | D:6      | Reached XP level 9. HP: 67/75 MP: 8/8
  8759 | D:6      | Found a shadowy altar of Dithmenos.
  8960 | D:6      | Found a sacrificial altar of Ru.
  9005 | D:6      | You fall into a shaft and drop 2 floors!
  9272 | D:8      | Noticed Pikel
  9500 | D:8      | Noticed Grum
  9510 | D:8      | Gained mutation: Your body sometimes deteriorates upon
                  | taking damage. [potion of mutation]
  9510 | D:8      | Gained mutation: You evolve. [potion of mutation]
  9510 | D:8      | Gained mutation: Your skin changes colour to match your
                  | surroundings (Stealth+). [potion of mutation]
  9510 | D:8      | Slain by a wolf

Illustrated notes

Levels and vault maps discovered:
D:1:      arrival_aquarium_b, layout_loops_ring
D:2:      minmay_spotlight, layout_loops_ring, basic_ecumenical_altar,
          basic_altar
D:3:      kennysheep_slugbush, layout_loops_ring, gammafunk_ghost_nasty_kobolds,
          uniq_terence
D:4:      layout_cave_pods, okawaru_gym_becter, uniq_natasha, uniq_menkaure
D:5:      layout_basic, nicolae_wu_jian_glorious_leap, hex_intersection,
          dk_noncrumbling_3, uniq_duvessa
D:6:      layout_loops_ring, mainiacjoe_overflow_large_starburst,
          minmay_temple_entry_butterflies
D:8:      minmay_octagon_keep, layout_basic, roderic_roman_lattice, uniq_maggie,
          uniq_pikel, uniq_grum

Skill      XL: |  1  2  3  4  5  6  7  8  9 |
---------------+----------------------------+-----
Long Blades    | 4 5 6 7 |  7.8
Fighting       | 4 5 6 |  6.4
Stealth        | 2 3 |  3.2
Armour         | 1 2 3 5 6 |  6.8
Dodging        | 4 5 |  5.4
Axes           | 1 6 |  6.9
Shields        | 2 3 |  3.1

Action                   |  1- 3 |  4- 6 |  7- 9 || total
-------------------------+-------+-------+-------++-------
Melee: Falchion          |    79 |    97 |    13 ||   189
       Headbutt          |    15 |    25 |    27 ||    67
       War axe           |       |       |   160 ||   160
 Fire: Arbalest          |       |       |     1 ||     1
  Use: Scroll            |       |     4 |     8 ||    12
       Potion            |       |       |     4 ||     4
 Stab: Sleeping          |     1 |       |     1 ||     2
Armor: Robe              |     7 |     5 |       ||    12
       Scale mail        |       |    13 |       ||    13
       Ring mail         |       |    32 |    71 ||   103
Dodge: Dodged            |    58 |    68 |   101 ||   227
Block: Buckler           |       |       |    95 ||    95
       Reflection        |       |       |     2 ||     2
       Rpst.: Falchion   |     9 |    16 |     1 ||    26
